 Dungeon Sprint DCSS version 0.30.0-18-gc0e69614cb (webtiles) character file.

Game seed: 2641342367215694066

236823 Groucho the Intangible (level 18, -30/127 HPs)
             Began as a Spriggan Hunter on May 23, 2023.
             Was a High Priest of Qazlal.
             Killed from afar by Cerebov (43 damage)
             ... with an iron shot
             ... in the Dungeon (Sprint VII: "The Pits") on May 25, 2023.
             The game lasted 01:12:31 (28267 turns).

Groucho the Intangible (Spriggan Hunter)           Turns: 28267, Time: 01:12:31

Health: -30/127    AC: 43    Str:  9    XL:     18   Next: 51%
Magic:  23/32      EV: 15    Int: 12    God:    Qazlal [*****.]
Gold:   324        SH:  6    Dex: 25    Spells: 35/35 levels left

rFire   + + .        D - +6 arbalest
rCold   + . .        (shield currently unavailable)
rNeg    . . .        F - +8 gold dragon scales
rPois   +            E - +2 hat
rElec   .            t - +2 cloak
rCorr   .            (gloves unavailable)
SInv    +            (boots unavailable)
Will    +++..        L - amulet "Ythy" {Faith Slay+3}
Stlth   x              - ring "Yntextokhlu" {rF+ Str+2 SInv}
HPRegen 0.41/turn    n - ring "Gounif" {rF+ Slay+5}
MPRegen 0.23/turn

%: no teleportation, repel missiles, faith
@: fire vulnerable, protected from physical damage, very quick
A: very small, no large weapons, unfitting armour, see invisible, speed 3, low
MP 1
}: 2/3 runes: silver, golden
a: Renounce Religion, Upheaval, Elemental Force, Disaster Area


You were in the Dungeon.
You worshipped Qazlal.
Qazlal was extremely pleased with you.
You visited 1 branch You collected 324 gold pieces.

Inventory:

Hand Weapons
 a - a +0 shortbow
 b - a +3 whip
 A - a +1 hand crossbow of electrocution
 D - a +6 arbalest (weapon)
Armour
 r - a +4 troll leather armour {Pargi}
 t - a +2 cloak (worn)
 E - a +2 hat (worn)
 F - +8 gold dragon scales (worn)
 P - +5 acid dragon scales
 Y - the +9 shadow dragon scales of the Barber Surgeon {rN+ Str+2 SInv Stlth++++}
   (You took it off a cherub in the Dungeon)

   Str:       It affects your strength (+2).
   rN:        It protects you from negative energy.
   SInv:      It lets you see invisible.
   Stlth:     It makes you much more stealthy.
Jewellery
 m - the ring "Seotagi Visu" {rElec Slay+5}
   (You found it in the Dungeon)

   [ring of slaying]

   Slay:      It affects your accuracy & damage with ranged weapons and melee
   (+5).
   rElec:     It insulates you from electricity.
 n - the ring "Gounif" (right hand) {rF+ Slay+5}
   (You found it in the Dungeon)

   [ring of slaying]

   Slay:      It affects your accuracy & damage with ranged weapons and melee
   (+5).
   rF:        It protects you from fire.
 x - the ring "Yntextokhlu" (left hand) {rF+ Str+2 SInv}
   (You took it off a vampire mage in the Dungeon)

   [ring of see invisible]

   Str:       It affects your strength (+2).
   rF:        It protects you from fire.
   SInv:      It lets you see invisible.
 B - the ring "Ebockaonk" {Wiz rN+ Int+2}
   (You found it in the Dungeon)

   [ring of wizardry]

   It improves your spell success rate.
   Int:       It affects your intelligence (+2).
   rN:        It protects you from negative energy.
 I - the ring of the Lizard {Will+ Slay+5}
   (You found it in the Dungeon)

   [ring of slaying]

   Slay:      It affects your accuracy & damage with ranged weapons and melee
   (+5).
   Will:      It increases your willpower.
 J - a ring of wizardry
 K - the amulet "Bongosai" {-Tele rElec rPois rF+ Regen+ rCorr}
   (You found it in the Dungeon)

   [amulet of regeneration]

   rF:        It protects you from fire.
   rElec:     It insulates you from electricity.
   rPois:     It protects you from poison.
   -Tele:     It prevents most forms of teleportation.
   Regen:     It increases your rate of health regeneration.
   rCorr:     It protects you from acid and corrosion.
 L - the amulet "Ythy" (around neck) {Faith Slay+3}
   (You found it in the Dungeon)

   [amulet of faith]

   It allows you to gain divine favour quickly.
   Slay:      It affects your accuracy & damage with ranged weapons and melee
   (+3).
 M - the amulet "Oczock" {rC+ Will+ Regen+ Str-3 Int+3}
   (You found it in the Dungeon)

   [amulet of regeneration]

   Str:       It affects your strength (-3).
   Int:       It affects your intelligence (+3).
   rC:        It protects you from cold.
   Regen:     It increases your rate of health regeneration.
   Will:      It increases your willpower.
 N - the amulet "Yfaor" {Reflect -Tele rElec Will+ SH+5}
   (You found it in the Dungeon)

   [amulet of reflection]

   It reflects blocked missile attacks.
   rElec:     It insulates you from electricity.
   -Tele:     It prevents most forms of teleportation.
   SH:        It affects your SH (+5).
   Will:      It increases your willpower.
 O - a +4 ring of protection
 Q - the ring "Pezxaimo" {rC- EV+6 Dex+4}
   (You found it in the Dungeon)

   [ring of evasion]

   EV:        It affects your evasion (+6).
   Dex:       It affects your dexterity (+4).
   rC:        It makes you vulnerable to cold.
 R - a +5 ring of slaying
 S - the ring "Dishruis" {+Blink rElec rN+ Stlth+}
   (You found it in the Dungeon)

   [ring of positive energy]

   rElec:     It insulates you from electricity.
   rN:        It protects you from negative energy.
   +Blink:    It lets you blink.
   Stlth:     It makes you more stealthy.
 T - the ring of Attitude {rC+ rN+ rCorr Str+6}
   (You took it off a cherub in the Dungeon)

   [ring of strength]

   Str:       It affects your strength (+6).
   rC:        It protects you from cold.
   rN:        It protects you from negative energy.
   rCorr:     It protects you from acid and corrosion.
 U - the amulet "Siraecka" {RegenMP rPois Int+4 Slay+2}
   (You found it in the Dungeon)

   [amulet of magic regeneration]

   It increases your rate of magic regeneration.
   Int:       It affects your intelligence (+4).
   Slay:      It affects your accuracy & damage with ranged weapons and melee
   (+2).
   rPois:     It protects you from poison.
 W - the ring of Zasoc Anneo {rElec rF+ rN+}
   (You found it in the Dungeon)

   [ring of positive energy]

   rF:        It protects you from fire.
   rElec:     It insulates you from electricity.
   rN:        It protects you from negative energy.
 X - the ring of Inoedeit {+Blink EV+6 Str+2}
   (You found it in the Dungeon)

   [ring of evasion]

   EV:        It affects your evasion (+6).
   Str:       It affects your strength (+2).
   +Blink:    It lets you blink.
 Z - the ring "Ebbiosee" {rF+ Str+3}
   (You found it in the Dungeon)

   [ring of protection from fire]

   Str:       It affects your strength (+3).
   rF:        It protects you from fire.
Wands
 s - a wand of charming (4)
 z - a wand of acid (6)
 C - a wand of mindburst (14)
 G - a wand of flame (7)
 H - a wand of iceblast (2)
Scrolls
 c - 7 scrolls of fog
 k - 7 scrolls of amnesia
 l - 2 scrolls of butterflies
 u - 6 scrolls of fear
 v - 5 scrolls of enchant armour
 y - 9 scrolls of identify
Potions
 d - 16 potions of curing
 f - 9 potions of haste
 g - 7 potions of magic
 h - 9 potions of berserk rage
 j - 3 potions of invisibility
 o - 5 potions of might
 p - 5 potions of brilliance
 q - 6 potions of mutation
 w - 2 potions of flight


   Skills:
 O Level 27 Fighting
 O Level 27 Ranged Weapons
 O Level 27 Armour
 O Level 27 Dodging
 - Level 1.5 Stealth
 + Level 9.0 Spellcasting
 O Level 27 Invocations


You had 35 spell levels left.
You didn't know any spells.
Your spell library contained the following spells:

 Spells                   Type           Power      Damage    Failure   Level
 Apportation              Tloc           10%        N/A       100%        1
 Necrotise                Necr           20%        1d5       100%        1
 Sting                    Tmut/Pois      20%        1d4       100%        1
 Summon Small Mammal      Summ           20%        N/A       100%        1
 Blink                    Tloc           10%        N/A       100%        2
 Cigotuvi's Dreadful Rot  Necr/Pois/Air  10%        N/A       100%        2
 Ensorcelled Hibernation  Hex/Ice        10%        N/A       100%        2
 Passwall                 Tmut/Erth      4%         N/A       100%        2
 Poisonous Vapours        Pois/Air       10%        N/A       100%        2
 Static Discharge         Conj/Air       10%        2-3/arc   100%        2
 Call Canine Familiar     Summ           5%         N/A       100%        3
 Ignite Poison            Fire/Tmut/Pois 5%         N/A       100%        3
 Inner Flame              Hex/Fire       5%         N/A       100%        3
 Spider Form              Tmut/Pois      5%         N/A       100%        3
 Swiftness                Air            5%         N/A       100%        3
 Tukima's Dance           Hex            5%         N/A       100%        3
 Vampiric Draining        Necr           5%         2d6       100%        3
 Vhi's Electric Charge    Tloc/Air       10%        N/A       100%        3
 Volatile Blastmotes      Fire/Tloc      10%        2d10      100%        3
 Airstrike                Air            2%         2d(1-17)  100%        4
 Anguish                  Hex/Necr       2%         N/A       100%        4
 Animate Armour           Summ/Erth      10%        N/A       100%        4
 Fulminant Prism          Conj/Hex       2%         3d5       100%        4
 Leda's Liquefaction      Hex/Erth       2%         N/A       100%        4
 Manifold Assault         Tloc           5%         N/A       100%        4
 Olgreb's Toxic Radiance  Pois           5%         N/A       100%        4
 Passage of Golubria      Tloc           5%         N/A       100%        4
 Summon Lightning Spire   Summ/Air       5%         N/A       100%        4
 Agony                    Necr           5%         N/A       100%        5
 Alistair's Intoxication  Tmut/Pois      3%         N/A       100%        5
 Arcjolt                  Conj/Air       2%         1d12      100%        5
 Blade Hands              Tmut           2%         N/A       100%        5
 Fireball                 Conj/Fire      2%         3d4       100%        5
 Freezing Cloud           Conj/Ice/Air   2%         6-21      100%        5
 Iskenderun's Battlesphe  Conj           5%         2d6       100%        5
 Metabolic Englaciation   Hex/Ice        2%         N/A       100%        5
 Silence                  Hex/Air        2%         N/A       100%        5
 Yara's Violent Unravell  Hex/Tmut       2%         3d3       100%        5
 Dispersal                Tloc           2%         N/A       100%        6
 Eringya's Noxious Bog    Tmut/Pois      2%         N/A       100%        6
 Iron Shot                Conj/Erth      2%         9d2       100%        6
 Simulacrum               Ice/Necr       2%         N/A       100%        6
 Enfeeble                 Hex            2%         N/A       100%        7
 Ozocubu's Refrigeration  Ice            2%         4d8       100%        7
 Storm Form               Tmut/Air       2%         N/A       100%        7
 Summon Hydra             Summ           2%         N/A       100%        7
 Lehudib's Crystal Spear  Conj/Erth      2%         10d2      100%        8
 Maxwell's Capacitive Co  Air            2%         ∞         100%        8
 Summon Horrible Things   Summ           2%         N/A       100%        8
 Polar Vortex             Ice            2%         N/A       100%        9


Dungeon Overview and Level Annotations

Branches:
Dungeon (1/1)

Altars:
Ashenzari
Cheibriados
Dithmenos
Elyvilon
Fedhas
Gozag
Hepliaklqana
Kikubaaqudgha
Makhleb
Nemelex Xobeh
Okawaru
Qazlal
Ru
Sif Muna
Trog
Uskayaw
Vehumet
Wu Jian
Xom
Yredelemnul
Zin
The Shining One
Jiyva
Lugonu

Annotations:
D Cerebov


Innate Abilities, Weirdness & Mutations

You are very small and have problems with some larger weapons.
You are too small for most types of armour.
You have supernaturally acute eyesight. (SInv)
You cover ground extremely quickly. (Speed+++)
Your magical capacity is low. (-10% MP)


Message History

The balrug shouts!
There is an open door here.
There is an open door here.
Cerebov gestures at you.
A raging storm of fire appears!
The great blast of fire engulfs you!! You partially resist.
The great blast of fire engulfs Cerebov!!
Cerebov partially resists.
A fire vortex comes into view.
You are too injured to fight recklessly!
Unknown command.
Unknown command.
You are too injured to fight recklessly!
Unknown command.
Fire: D) +6 arbalest
Press: ? - help, Q - select action, (/) - cycle Shift-Dir - straight line, f - fire vortex
Aim: a fire vortex (flame, 90% to hit)
You shoot a bolt. The bolt hits the fire vortex!!!
The fire vortex dissipates!
Cerebov hits you with the +6 sword of Cerebov {flame}!!
* * * LOW HITPOINT WARNING * * *
Cerebov burns you.
* * * LOW HITPOINT WARNING * * *
The sword of Cerebov burns away your fire resistance.
The balrug gestures at you. Something smites you!
* * * LOW HITPOINT WARNING * * *
You feel much better. Cerebov misses you. x2
Fire: D) +6 arbalest
Press: ? - help, Q - select action, (/) - cycle Shift-Dir - straight line, f - Cerebov
Aim: Cerebov, wielding the +6 sword of Cerebov {flame} (almost dead, fast, 85% to hit)
You shoot a bolt. The bolt barely misses Cerebov.
The bolt misses the balrug.
Cerebov hits you with the +6 sword of Cerebov {flame}!!!
* * * LOW HITPOINT WARNING * * *
You feel protected from physical attacks.
Cerebov burns you.
* * * LOW HITPOINT WARNING * * *
Cerebov gestures at you. The iron shot hits you!!!
You die...

#&≈##'.###.###)#
#≈≈[#...#...##)#
##.)##)##'.###)#
#+#.#'#.#'# #.#
##.###.###.###'#
#..21.2.#...##.#
##'.§##°'#12###'#
#.###)###.#&# #.#
##'.###.###@###)#
#...'..)'.°.##)##
##.##'.##°°##))[#
###.###.##'')))#
### #######)##
#'# #[# #'# #[#


You could see Cerebov (fast), a Brimstone Fiend (summoned) and a balrug
(summoned).

Vanquished Creatures
  Dissolution (D)
  2 pandemonium lords (D)
  An ancient lich (D)
  An orb of fire (D)
  Mara (D)
  A royal mummy (D)
  A Killer Klown (D)
  Frederick (D)
  Margery (D)
  A curse toe (D)
  A golden dragon (D)
  2 pearl dragons (D)
  4 bone dragons (D)
  An electric golem (D)
  A Tzitzimitl (D)
  A Brimstone Fiend (D)
  2 Hell Sentinels (D)
  2 Ice Fiends (D)
  A lich (D)
  A deep elf master archer (D)
  5 sphinxes (D)
  A death cob (D)
  2 nagarajas (D)
  2 storm dragons (D)
  2 draconian monks (D)
  A fire giant (D)
  3 shadow dragons (D)
  20 daevas (D)
  3 draconian knights (D)
  2 rockslimes (D)
  A frost giant (D)
  A balrug (D)
  A deep elf sorcerer (D)
  3 ghost moths (D)
  2 orc warlords (D)
  3 draconian shifters (D)
  3 ghouls (D)
  A spriggan defender (D)
  28 angels (D)
  2 stone giants (D)
  2 ophanim (D)
  A green draconian (D)
  An apis (D)
  A vampire knight (D)
  3 deep elf demonologists (D)
  A minotaur (D)
  6 deep elf annihilators (D)
  3 dire elephants (D)
  A red draconian (D)
  2 white draconians (D)
  2 purple draconians (D)
  An eidolon (D)
  Snorg (D)
  A green death (D)
  3 fire dragons (D)
  A merfolk impaler (D)
  A deep elf high priest (D)
  A yaktaur captain (D)
  A merfolk javelineer (D)
  2 vault guards (D)
  9 hydras (D)
  2 spriggan air magi (D)
  2 anacondas (D)
  3 ice dragons (D)
  5 catoblepae (D)
  2 alligator snapping turtles (D)
  A dancing weapon (D)
  2 two-headed ogres (D)
  4 vampire magi (D)
  A spriggan berserker (D)
  4 hell knights (D)
  2 spriggans (D)
  3 deep elf knights (D)
  4 fire crabs (D)
  A sun demon (D)
  An iron troll (D)
  29 cherubim (D)
  A sea snake (D)
  2 bog bodies (D)
  A large abomination (D)
  A deep troll (D)
  8 lindwurms (D)
  A deep elf zephyrmancer (D)
  3 swamp dragons (D)
  16 orc knights (D)
  3 necromancers (D)
  An ugly thing (D)
  A harpy (shapeshifter) (D)
  A wolf spider (D)
  3 deep elf pyromancers (D)
  A cyclops (D)
  A moth of wrath (shapeshifter) (D)
  An elephant (D)
  5 slime creatures (D)
  Maurice (D)
  An orange demon (D)
  2 yaktaurs (D)
  A kobold demonologist (D)
  A tormentor (D)
  8 komodo dragons (D)
  A freezing wraith (D)
  4 rime drakes (D)
  2 ice devils (D)
  A guardian mummy (D)
  A red devil (D)
  2 polar bears (D)
  A wind drake (D)
  A wandering mushroom (D)
  A tyrant leech (D)
  4 merfolk (D)
  A hornet (D)
  19 dream sheep (D)
  An air elemental (D)
  A water elemental (D)
  Sigmund (D)
  7 wyverns (D)
  5 basilisks (D)
  A golden eye (D)
  A neqoxec (D)
  A fire elemental (D)
  3 vampire mosquitoes (D)
  2 redbacks (D)
  A warg (D)
  5 steam dragons (D)
  2 acid dragons (D)
  2 floating eyes (D)
  4 hell hounds (D)
  A water moccasin (D)
  Pargi (D)
  4 swamp drakes (D)
  3 orc warriors (D)
  An ogre (D)
  5 wolves (D)
  2 kobold brigands (D)
  An earth elemental (D)
  2 gnoll sergeants (D)
  A scorpion (D)
  5 wights (D)
  A small abomination (D)
  A hound (D)
  An iron imp (D)
  3 jellies (D)
  2 orc priests (D)
  Jessica (D)
  An orc wizard (D)
  A hell rat (D)
  2 mummies (D)
  8 gnolls (D)
  A river rat (D)
  2 adders (D)
  An adder zombie (D)
  7 orcs (D)
  A bat zombie (D)
  A giant cockroach (D)
  5 goblins (D)
  A hobgoblin (D)
  A quokka (D)
  A ball python skeleton (D)
  A ball python zombie (D)
  A giant cockroach zombie (D)
  4 kobolds (D)
  A quokka simulacrum (D)
  A fire vortex (D)
438 creatures vanquished.

Notes
Turn   | Place    | Note
-------+----------+-------------------------------------------
     0 | D        | Groucho the Spriggan Hunter began the quest for the Orb.
     0 | D        | Reached XP level 1. HP: 10/10 MP: 2/2
    48 | D        | Found a bloodstained altar of Trog.
    48 | D        | Found a shimmering blue altar of Sif Muna.
    48 | D        | Found a viscous altar of Jiyva.
    48 | D        | Found a hazy altar of Hepliaklqana.
    48 | D        | Found an opulent altar of Gozag.
    69 | D        | Found a glowing golden altar of the Shining One.
    69 | D        | Found a glowing silver altar of Zin.
    69 | D        | Found a basalt altar of Yredelemnul.
    69 | D        | Found a shimmering altar of Xom.
    69 | D        | Found an ornate altar of the Wu Jian Council.
    69 | D        | Found a sacrificial altar of Ru.
    69 | D        | Found a stormy altar of Qazlal.
    69 | D        | Found an iron altar of Okawaru.
    69 | D        | Found a sparkling altar of Nemelex Xobeh.
    69 | D        | Found a burning altar of Makhleb.
    69 | D        | Found a blossoming altar of Fedhas.
    69 | D        | Found a white marble altar of Elyvilon.
    69 | D        | Found a shadowy altar of Dithmenos.
    69 | D        | Found a snail-covered altar of Cheibriados.
    73 | D        | Found a corrupted altar of Lugonu.
    73 | D        | Found a radiant altar of Vehumet.
    74 | D        | Found a broken altar of Ashenzari.
    74 | D        | Found an ancient bone altar of Kikubaaqudgha.
    74 | D        | Found a hide-covered altar of Uskayaw.
    80 | D        | Became a worshipper of Qazlal Stormbringer
   114 | D        | Reached skill level 1 in Invocations
   114 | D        | Reached XP level 2. HP: 16/16 MP: 2/4
   159 | D        | Noticed a floating eye
   184 | D        | Reached * piety under Qazlal
   210 | D        | Killed a floating eye
   211 | D        | Reached XP level 3. HP: 21/21 MP: 4/7
   211 | D        | Reached XP level 4. HP: 25/25 MP: 4/8
   443 | D        | Noticed Jessica
   471 | D        | Killed Jessica
   471 | D        | Reached ** piety under Qazlal
   472 | D        | Reached XP level 5. HP: 27/30 MP: 9/9
   662 | D        | Noticed Sigmund
   678 | D        | Reached skill level 5 in Fighting
   678 | D        | Reached skill level 5 in Invocations
   701 | D        | Reached *** piety under Qazlal
   705 | D        | Reached XP level 6. HP: 23/35 MP: 11/11
  1211 | D        | Killed Sigmund
  1245 | D        | Reached **** piety under Qazlal
  1246 | D        | Reached skill level 10 in Dodging
  1246 | D        | Reached XP level 7. HP: 41/41 MP: 13/13
  2465 | D        | Reached ***** piety under Qazlal
  3269 | D        | Noticed Pargi
  3269 | D        | Noticed an elephant
  3288 | D        | Killed Pargi
  3289 | D        | Reached XP level 8. HP: 46/46 MP: 12/15
  3328 | D        | Killed an elephant
  3329 | D        | Reached skill level 10 in Ranged Weapons
  3329 | D        | Reached skill level 1 in Armour
  3378 | D        | Noticed a two-headed ogre
  3436 | D        | Killed a two-headed ogre
  3437 | D        | Reached skill level 10 in Invocations
  3437 | D        | Reached XP level 9. HP: 52/52 MP: 17/17
  3490 | D        | Noticed a polar bear
  3495 | D        | Reached ****** piety under Qazlal
  3509 | D        | Killed a polar bear
  3617 | D        | Noticed a kobold demonologist
  3620 | D        | Killed a kobold demonologist
  3878 | D        | Noticed an ice devil
  3913 | D        | Killed an ice devil
  4122 | D        | Noticed a merfolk
  4123 | D        | Noticed a merfolk
  4127 | D        | Killed a large slime creature
  4127 | D        | Noticed a merfolk javelineer
  4128 | D        | Killed a merfolk
  4129 | D        | Reached skill level 5 in Armour
  4129 | D        | Killed a merfolk
  4129 | D        | Noticed Maurice
  4130 | D        | Reached XP level 10. HP: 58/58 MP: 7/19
  4136 | D        | Noticed a lindwurm
  4136 | D        | Noticed a lindwurm
  4140 | D        | Noticed a merfolk impaler
  4170 | D        | Reached skill level 15 in Dodging
  4178 | D        | Reached skill level 10 in Fighting
  4245 | D        | Killed a merfolk impaler
  4526 | D        | Killed a lindwurm
  4746 | D        | Killed Maurice
  4796 | D        | Killed a merfolk javelineer
  4950 | D        | Noticed a two-headed ogre
  5004 | D        | Killed a two-headed ogre
  5005 | D        | Reached XP level 11. HP: 65/65 MP: 21/21
  5047 | D        | Killed a lindwurm
  6159 | D        | Noticed a deep elf zephyrmancer
  6194 | D        | Killed a deep elf zephyrmancer
  6515 | D        | Noticed a sea snake
  6520 | D        | Noticed a deep troll
  6583 | D        | Killed a sea snake
  6906 | D        | Killed a deep troll
  7817 | D        | Noticed a spriggan rider
  7829 | D        | Killed a spriggan rider
  7830 | D        | Reached skill level 15 in Ranged Weapons
  7832 | D        | Reached XP level 12. HP: 72/72 MP: 23/23
  8048 | D        | Noticed a ghost moth
  8070 | D        | Killed a ghost moth
  8754 | D        | Noticed an eidolon
  8763 | D        | Killed an eidolon
  8819 | D        | Noticed an anaconda
  8821 | D        | Noticed a vampire mage
  8841 | D        | Killed an anaconda
  8842 | D        | Reached skill level 15 in Invocations
  8852 | D        | Killed a vampire mage
  8937 | D        | Paralysed by an air elemental for 1 turns
  8964 | D        | Reached skill level 10 in Armour
  9804 | D        | Noticed an orc warlord
  9858 | D        | Killed an orc warlord
  9910 | D        | Noticed an orc warlord
  9978 | D        | Killed an orc warlord
 10206 | D        | Noticed a vault guard
 10222 | D        | Reached XP level 13. HP: 78/78 MP: 26/26
 10882 | D        | Noticed a storm dragon
 10904 | D        | Killed a storm dragon
 11072 | D        | Noticed a purple draconian
 11076 | D        | Killed a purple draconian
 12584 | D        | Identified the +1 mace of Kindness {spect, Dex+5}
 12584 | D        | Noticed an ophan
 12584 | D        | Noticed a minotaur
 12590 | D        | Noticed an apis
 12595 | D        | Killed an apis
 12599 | D        | Killed an ophan
 12599 | D        | Noticed a vampire knight
 12616 | D        | Killed a vampire knight
 12617 | D        | Reached skill level 15 in Fighting
 12622 | D        | Killed a minotaur
 12684 | D        | Noticed a white draconian
 12697 | D        | Killed a white draconian
 13259 | D        | Noticed a balrug
 13259 | D        | Noticed a red draconian
 13262 | D        | Killed a red draconian
 13262 | D        | Killed a balrug
 13263 | D        | Noticed a black draconian knight
 13319 | D        | Killed a black draconian knight
 13320 | D        | Reached XP level 14. HP: 54/86 MP: 26/28
 13494 | D        | Noticed a nagaraja
 13506 | D        | Killed a nagaraja
 14091 | D        | Noticed a green draconian monk
 14120 | D        | Killed a green draconian monk
 14509 | D        | Noticed a cacodemon
 14968 | D        | Noticed a purple draconian shifter
 15012 | D        | Killed a purple draconian shifter
 15256 | D        | Noticed a black draconian knight
 15257 | D        | Noticed a sphinx
 15284 | D        | Killed a black draconian knight
 15284 | D        | Killed a sphinx
 15403 | D        | Noticed a sphinx
 15417 | D        | Killed a sphinx
 15607 | D        | Noticed a nagaraja
 15612 | D        | Killed a nagaraja
 16498 | D        | Noticed a sphinx
 16510 | D        | Paralysed by a sphinx for 4 turns
 16533 | D        | Killed a sphinx
 16583 | D        | Got the ring of the Lizard {Will+ Slay+5}
 16585 | D        | Got the ring "Acumuf" {*Slow rC+ Int+2 Dex+6}
 16587 | D        | Noticed a sphinx
 16593 | D        | Killed a sphinx
 16596 | D        | Got the amulet "Ruluwuz" {Spirit rElec Str+4 SInv}
 16599 | D        | Got the ring "Seotagi Visu" {rElec Slay+5}
 16602 | D        | Got the ring "Uthroiteh" {rC- Dex+4 SInv}
 16605 | D        | Got the amulet of Hikuir {Regen+ SInv}
 16609 | D        | Got the amulet of the Catfish {Faith Dex+2}
 16612 | D        | Got the ring "Gounif" {rF+ Slay+5}
 16616 | D        | Got the ring of Luxer {Fire rN+ Int+3}
 16619 | D        | Got the ring "Ebockaonk" {Wiz rN+ Int+2}
 16621 | D        | Got the amulet "Bongosai" {-Tele rElec rPois rF+ Regen+
                  | rCorr}
 16623 | D        | Got the amulet "Ythy" {Faith Slay+3}
 16625 | D        | Got the amulet "Oczock" {rC+ Will+ Regen+ Str-3 Int+3}
 16627 | D        | Got the amulet "Yfaor" {Reflect -Tele rElec Will+ SH+5}
 16651 | D        | Got the ring of Reav {rF+ rC+ Dex+5 Slay-4}
 16653 | D        | Got the ring "Zuvatoic" {Wiz rElec}
 16655 | D        | Got the ring "Pezxaimo" {rC- EV+6 Dex+4}
 16659 | D        | Got the ring "Dishruis" {+Blink rElec rN+ Stlth+}
 16661 | D        | Got the ring of Suawus {Drain rPois rCorr Dex+6}
 16663 | D        | Got the ring of Koyll {rCorr MP+9 Int+6}
 16666 | D        | Got the ring "Esiugere" {*Corrode rF++ rN+ Int+4 Stlth-}
 16668 | D        | Got the ring of Zasoc Anneo {rElec rF+ rN+}
 16670 | D        | Got the ring of Inoedeit {+Blink EV+6 Str+2}
 16672 | D        | Got the ring of the Failed Coup {MP+9 Str+3 Int+6 SInv}
 16674 | D        | Got the ring "Ebbiosee" {rF+ Str+3}
 16689 | D        | Got the ring "Zoroge" {Fire Drain rN+ Int+3}
 16692 | D        | Got the ring "Ycvitit" {rElec rF+ Will+ Dex-3 Slay+3}
 16720 | D        | Got Advanced Magic
 16731 | D        | Got the Precepts of the Coward
 16733 | D        | Got the Atlas of the Commander
 16735 | D        | Got the Catalogue of the Centipede
 16742 | D        | Got the Dissertation on Rallying and Shifting
 16749 | D        | Got the Guidebook on the Vapourous Evil Eye
 16835 | D        | Noticed a ghoul
 16835 | D        | Noticed a ghoul
 16835 | D        | Noticed a green draconian monk
 16836 | D        | Noticed a ghoul
 16839 | D        | Killed a green draconian monk
 16845 | D        | Killed a ghoul
 16850 | D        | Killed a ghoul
 16865 | D        | Killed a ghoul
 17107 | D        | Noticed a stone giant
 17108 | D        | Noticed a ghost moth
 17112 | D        | Killed a ghost moth
 17122 | D        | Killed a stone giant
 17708 | D        | Noticed a lich
 17709 | D        | Noticed a deep elf sorcerer
 17716 | D        | Killed a lich
 17722 | D        | Killed a deep elf sorcerer
 18126 | D        | Reached XP level 15. HP: 93/93 MP: 23/30
 18126 | D        | Noticed Snorg
 18146 | D        | Killed Snorg
 18269 | D        | Noticed a death cob
 18273 | D        | Identified the ring "Yntextokhlu" {rF+ Str+2 SInv}
 18274 | D        | Killed a death cob
 18275 | D        | Noticed a frost giant
 18279 | D        | Noticed a storm dragon
 18288 | D        | Noticed a shadow dragon
 18291 | D        | Killed a storm dragon
 18293 | D        | Killed a frost giant
 18294 | D        | Reached skill level 15 in Armour
 18344 | D        | Killed a shadow dragon
 18550 | D        | Noticed a fire giant
 18558 | D        | Killed a fire giant
 19011 | D        | Noticed a sphinx
 19014 | D        | Noticed a black draconian knight
 19015 | D        | Noticed Mara
 19016 | D        | Noticed a curse toe
 19017 | D        | Killed a sphinx
 19022 | D        | Killed a curse toe
 19023 | D        | Reached skill level 27 in Dodging
 19023 | D        | Killed a black draconian knight
 19038 | D        | Killed Mara
 19598 | D        | Noticed a golden dragon
 19600 | D        | Killed a golden dragon
 19601 | D        | Reached XP level 16. HP: 103/103 MP: 22/32
 19684 | D        | Got the amulet "Siraecka" {RegenMP rPois Int+4 Slay+2}
 19725 | D        | Got a silver rune of Zot
 19983 | D        | Got the Monograph on Lightning and Assembling
 20359 | D        | Noticed a royal mummy
 20418 | D        | Killed a royal mummy
 21170 | D        | Noticed a shadow dragon
 21182 | D        | Killed a shadow dragon
 21602 | D        | Noticed a Hell Sentinel
 21611 | D        | Killed a Hell Sentinel
 22255 | D        | Noticed a Tzitzimitl
 22259 | D        | Killed a Tzitzimitl
 22587 | D        | Noticed an ancient lich
 22597 | D        | Killed an ancient lich
 22600 | D        | Noticed a bone dragon
 22642 | D        | Killed a bone dragon
 22675 | D        | Noticed a Hell Sentinel
 22684 | D        | Killed a Hell Sentinel
 22907 | D        | Noticed a bone dragon
 22939 | D        | Killed a bone dragon
 22997 | D        | Identified the +12 tower shield "Haezaar" {rC+}
 22998 | D        | Noticed a pearl dragon
 22998 | D        | Killed a pearl dragon
 22999 | D        | Reached XP level 17. HP: 65/113 MP: 25/35
 23070 | D        | Reached skill level 27 in Ranged Weapons
 23142 | D        | Identified the ring of Attitude {rC+ rN+ rCorr Str+6}
 23378 | D        | Reached skill level 27 in Invocations
 23573 | D        | Identified the +9 shadow dragon scales of the Barber
                  | Surgeon {rN+ Str+2 SInv Stlth++++}
 24254 | D        | Identified the ring of Oxzypri {rElec rCorr Int+3}
 24255 | D        | Identified the ring of the Evening {rN++ Str+6 Int+4
                  | Stlth-}
 24897 | D        | Got a golden rune of Zot
 25373 | D        | Noticed Noecw the pandemonium lord
 25452 | D        | Killed Noecw the pandemonium lord
 25688 | D        | Noticed Luloipuc the pandemonium lord
 25704 | D        | Killed Luloipuc the pandemonium lord
 25705 | D        | Reached XP level 18. HP: 125/125 MP: 34/36
 25755 | D        | Noticed a Killer Klown
 25777 | D        | Killed a Killer Klown
 25825 | D        | Noticed an Ice Fiend
 25831 | D        | Killed an Ice Fiend
 26056 | D        | Noticed a Brimstone Fiend
 26095 | D        | Killed a Brimstone Fiend
 26490 | D        | Noticed a pearl dragon
 26514 | D        | Killed a pearl dragon
 26705 | D        | Reached skill level 27 in Fighting
 26816 | D        | Noticed an Ice Fiend
 26820 | D        | Killed an Ice Fiend
 26853 | D        | Noticed a bone dragon
 26865 | D        | Killed a bone dragon
 27472 | D        | Noticed Frederick
 27502 | D        | Killed Frederick
 27679 | D        | Noticed an orb of fire
 27679 | D        | Noticed a bone dragon
 27679 | D        | Noticed Margery
 27681 | D        | Noticed an electric golem
 27682 | D        | Gained mutation: Your magical capacity is low. (-10% MP)
                  | [an orb of fire]
 27683 | D        | Killed Margery
 27684 | D        | Killed an orb of fire
 27684 | D        | Killed an electric golem
 27685 | D        | Killed a bone dragon
 27946 | D        | Found the +6 sword of Cerebov {flame}
 27946 | D        | Noticed Cerebov
 27946 | D        | Noticed Dissolution
 27952 | D        | Killed Dissolution
 27953 | D        | Reached skill level 27 in Armour
 28241 | D        | Noticed a Brimstone Fiend
 28248 | D        | Noticed a Brimstone Fiend
 28267 | D        | Killed from afar by Cerebov

Illustrated notes

Levels and vault maps discovered:
D:        pitsprint [storerooms_1, entrance_room_1, metal_vault_6, armoury_1,
          mini_pit_1, grid_room_1, main_hall_1, silver_pit, the_coven_1,
          the_vestibule_1, steel_vault_1, golden_pit, hallway_of_sentries,
          crystal_vault_2, iron_vault_2, final_vault]

Skill      XL: |  1  2  3  4  5  6  7  8  9 10 11 12 13 14 15 16 17 18 |
---------------+-------------------------------------------------------+-----
Dodging        | 3 6 7 8 10 11 13 14 16 18 20 23 25 27 | 27.0
Fighting       | 2 4 5 6 7 8 9 11 12 13 15 17 20 22 26 27 | 27.0
Invocations    | 1 4 6 7 8 10 11 12 14 16 18 20 23 26 27 | 27.0
Ranged Weapons | 6 7 8 9 11 12 13 15 16 18 20 23 26 27 | 27.0
Armour         | 3 5 7 9 10 12 14 17 20 23 27 | 27.0
Spellcasting   | 9 |  9.0
Stealth        | |  1.5

Action                     |  1- 3 |  4- 6 |  7- 9 | 10-12 | 13-15 | 16-18 || total
---------------------------+-------+-------+-------+-------+-------+-------++-------
   Fire: Shortbow          |    17 |    53 |   123 |   165 |       |       ||   358
         Hand crossbow     |       |       |       |   203 |   117 |       ||   320
         Arbalest          |       |       |       |       |   355 |   384 ||   739
 Invoke: Upheaval          |       |       |    17 |    28 |    37 |    60 ||   142
         Disaster Area     |       |       |       |     1 |     4 |     3 ||     8
    Use: Potion            |       |       |       |     1 |     7 |    18 ||    26
         Scroll            |       |       |       |     4 |       |     6 ||    10
 Armour: Robe              |       |       |     1 |       |       |       ||     1
         Troll leather arm |       |       |       |     7 |    19 |    11 ||    37
  Dodge: Dodged            |     2 |     7 |    33 |   123 |   228 |   175 ||   568
         Repelled          |       |       |       |     1 |     9 |     2 ||    12
  Block: Other             |       |     3 |     7 |    32 |    59 |    64 ||   165
